 Dungeon Crawl Stone Soup version 0.28-a0-1567-g1695149f81 (webtiles) character file.

Game seed: 8530375176922404364

6024 a3don the Schismatic (level 10, -1/77 HPs)
             Began as a Demonspawn Abyssal Knight on Jan 19, 2022.
             Was an Elder of Lugonu.
             Slain by a yak (11 damage)
             ... on level 1 of the Lair of Beasts.
             The game lasted 00:12:45 (8852 turns).

a3don the Schismatic (Demonspawn Abyssal Knight)    Turns: 8852, Time: 00:12:46

Health: -1/77      AC: 18    Str: 18    XL:     10   Next: 56%
Magic:  16/16      EV:  9    Int: 14    God:    Lugonu [****..]
Gold:   240        SH:  0    Dex: 14    Spells: 13/16 levels left

rFire   + + +      SeeInvis .   p - +6 hand axe of the Final Decision {flame, Fragile rPois Int+3}
rCold   . . .      Faith    .   (no shield)
rNeg    . . .      Spirit   .   g - +0 chain mail
rPois   +          Reflect  .   (helmet restricted)
rElec   .          Harm     .   J - +0 cloak of Wiuqit {rPois rF+++ Will- Regen+}
rCorr   .          Rampage  .   o - +2 pair of gloves
Will    .....                   f - +1 pair of boots
Stlth   ..........              j - amulet of the acrobat
HPRegen 1.02/turn               (no ring)
MPRegen 0.15/turn               (no ring)

@: no status effects
A: horns 1, icy blue scales 1, foul stench 2, powered by death 1
a: Renounce Religion, Depart the Abyss, Bend Space, Banish, Corrupt


You were on level 1 of the Lair of Beasts.
You worshipped Lugonu.
Lugonu was greatly pleased with you.
You visited 2 branches of the dungeon, and saw 9 of its levels.
You visited the Abyss 1 time.

You collected 540 gold pieces.
You spent 300 gold pieces at shops.

Inventory:

Hand Weapons
 a - a +1 hand axe
 p - the +6 hand axe of the Final Decision (weapon) {flame, Fragile rPois Int+3}
   (You took it off an orc on level 3 of the Dungeon)

   It burns those it strikes, dealing additional fire damage.
   Big, fiery blades are also staple armaments of hydra-hunters.
   Int:       It affects your intelligence (+3).
   rPois:     It protects you from poison.
   Fragile:   It will be destroyed if unequipped.
 u - a +2 hand axe of flaming
 O - a +1 war axe of flaming
Missiles
 h - 179 stones
 i - 30 sling bullets
 k - 40 poisoned darts (quivered)
 A - 4 javelins
Armour
 f - a +1 pair of boots (worn)
 g - a +0 chain mail (worn)
 o - a +2 pair of gloves (worn)
 t - a +0 cloak
 J - the +0 cloak of Wiuqit (worn) {rPois rF+++ Will- Regen+}
   (You bought it in a shop on level 8 of the Dungeon)

   rF:        It renders you almost immune to fire.
   rPois:     It protects you from poison.
   Regen:     It increases your rate of health regeneration.
   Will:      It decreases your willpower.
Magical Staves
 w - a staff of fire
Jewellery
 e - an amulet of guardian spirit
 j - an amulet of the acrobat (around neck)
 B - a ring of magical power
Wands
 b - a wand of flame (17)
 n - a wand of iceblast (15)
 H - a wand of charming (12)
 I - a wand of mindburst (17)
 N - a wand of digging (6)
Scrolls
 c - 2 scrolls of fog
 d - a scroll of amnesia {unknown}
 m - 2 scrolls of noise {unknown}
 s - 2 scrolls of enchant weapon {unknown}
 y - 4 scrolls of teleportation
 C - a scroll of immolation {unknown}
 D - a scroll of fear {unknown}
 G - a scroll of holy word {unknown}
 K - 2 scrolls of magic mapping
 L - a scroll of identify
 M - a scroll of enchant armour {unknown}
Potions
 l - 3 potions of curing
 q - a potion of lignification
 r - a potion of invisibility
 v - a potion of flight {unknown}
 x - a potion of heal wounds {unknown}
 z - a potion of resistance {unknown}
 E - a potion of degeneration {unknown}
 F - 3 potions of mutation


   Skills:
 + Level 6.9 Fighting
 + Level 5.8 Axes
 - Level 2.0 Throwing
 + Level 5.9 Armour
 + Level 5.6 Dodging
 + Level 3.8 Spellcasting
 + Level 4.1 Summonings
 + Level 3.8 Translocations
 + Level 8.4 Invocations


You had 13 spell levels left.
You knew the following spells:

 Your Spells              Type           Power      Damage    Failure   Level
a - Apportation           Tloc           26%        N/A       41%         1
b - Call Imp              Summ           14%        N/A       52%         2

Your spell library contained the following spells:

 Spells                   Type           Power      Damage    Failure   Level
 Summon Small Mammal      Summ           56%        N/A       36%         1
 Animate Skeleton         Necr           4%         N/A       91%         1
 Magic Dart               Conj           8%         1d3       91%         1
 Ensorcelled Hibernation  Hex/Ice        4%         N/A       97%         2
 Passwall                 Tmut/Erth      1%         N/A       97%         2
 Static Discharge         Conj/Air       2%         N/A       97%         2
 Mephitic Cloud           Conj/Pois/Air  2%         N/A       100%        3
 Swiftness                Air            2%         N/A       100%        3
 Lightning Bolt           Conj/Air       1%         1d12      100%        5
 Maxwell's Capacitive Co  Air            1%         ∞         100%        8


Dungeon Overview and Level Annotations

Branches:
Dungeon (8/15)             Temple (0/1) D:4            Lair (1/6) D:8

Altars:
Kikubaaqudgha
Okawaru
Qazlal
Trog
Zin
The Shining One

Shops:
D:2 [   D:8 [?

Annotations:
D:8 3 runed translucent doors, ALWAYSlose's ghost, novice DsBe


Innate Abilities, Weirdness & Mutations

You have a pair of small horns on your head.
You are partially covered in icy blue scales. (AC +2)
You sometimes emit foul miasma when damaged in melee.
You regenerate a little health from kills.


Message History

The black mamba is severely wounded.
The black mamba bites you.
* * * LOW HITPOINT WARNING * * *
You emit a cloud of foul miasma!
You slash the black mamba! You burn the black mamba.
You kill the black mamba!
Lugonu accepts your kill.
Your Summonings skill increases to level 4!
The yak completely misses you. The yak misses you.
You hit the yak but do no damage. Your headbutt misses the yak.
The yak gores you!
* * * LOW HITPOINT WARNING * * *
You hit the yak. You burn the yak.
The yak is lightly wounded.
The yak gores you.
* * * LOW HITPOINT WARNING * * *
You hit the yak. You burn the yak. Your headbutt misses the yak.
The yak is moderately wounded.
The yak gores you.
* * * LOW HITPOINT WARNING * * *
You hit the yak. You burn the yak.
The yak is heavily wounded.
The yak closely misses you.
You slash the yak! You burn the yak.
The yak is severely wounded.
The yak gores you but does no damage.
You hit the yak. You burn the yak. You headbutt the yak, but do no damage.
The yak is almost dead.
The yak gores you but does no damage.
You barely miss the yak. You headbutt the yak.
You kill the yak!
Lugonu accepts your kill.
You hit the yak. You burn the yak. You headbutt the yak.
The yak is moderately wounded.
The yak gores you but does no damage.
You hit the yak. You burn the yak.
The yak is moderately wounded.
The yak gores you!
You die...

.. ....# .# #. ...
P.# #. ##.#
##..####
#.###..#####.......
#..#...........≈...
#.....###......≈≈≈≈
##....###....≈≈≈≈≈≈
#Y##.P##..#.≈≈≈≈≈≈
##@##......#.≈≈≈≈†≈
#..##.#..##≈≈≈≈≈†<.
##.[..#.####≈≈≈≈≈≈≈
#..##.P.##.#≈≈≈≈≈≈≈
##.##........≈≈≈≈≈≈
#..#####..#...≈≈≈≈≈
#.....######.......
#..##.# ##.#####
#.###.# ###


You could see a yak.

Vanquished Creatures
  Pikel (D:8)
  A black mamba (Lair:1)
  A cane toad (Lair:1)
  A polar bear (D:8)
  A vampire (D:6)
  10 yaks
  3 water moccasins
  A sky beast (D:6)
  3 orc warriors
  An ogre (D:4)
  4 black bears
  A centaur (D:6)
  A necrophage (D:4)
  4 lemures (D:8)
  2 kobold brigands
  2 scorpions
  4 bullfrogs
  2 wights (D:8)
  An electric eel (D:8)
  A bullfrog zombie (D:5)
  6 jellies
  7 hounds
  Crazy Yiuf (D:4)
  3 centaur skeletons
  An orc priest (D:6)
  2 bullfrog skeletons
  10 iguanas
  7 orc wizards
  A hound skeleton (D:4)
  Robin (D:4)
  A gnoll (D:4)
  6 adders
  A howler monkey skeleton (D:5)
  2 worms
  3 dart slugs
  17 orcs
  9 ball pythons
  4 endoplasms
  4 giant cockroaches
  15 goblins
  10 hobgoblins
  A jackal (D:4)
  15 kobolds
  7 quokkas
  2 bats
  5 frilled lizards
  5 rats
191 creatures vanquished.

Vanquished Creatures (others)
  6 fungi
  9 plants
15 creatures vanquished.

Grand Total: 206 creatures vanquished

Notes
Turn   | Place    | Note
-------+----------+-------------------------------------------
     0 | Abyss:1  | a3don the Demonspawn Abyssal Knight began the quest for the
                  | Orb.
     0 | Abyss:1  | Reached XP level 1. HP: 18/18 MP: 2/2
    34 | D:1      | Escaped the Abyss
   282 | D:1      | Reached skill level 1 in Dodging
   635 | D:1      | Gained mutation: You may rarely emit foul miasma when
                  | damaged in melee. [demonic ancestry]
   635 | D:1      | Reached XP level 2. HP: 24/24 MP: 4/4
   981 | D:1      | Reached * piety under Lugonu
  1459 | D:2      | Found a faded altar of an unknown god.
  1484 | D:2      | Reached skill level 3 in Invocations
  1485 | D:2      | Found Fagaler's Antique Armour Emporium.
  1497 | D:2      | Reached XP level 3. HP: 28/29 MP: 5/5
  2411 | D:3      | Identified the +6 hand axe of the Final Decision {flame,
                  | Fragile rPois Int+3}
  2422 | D:3      | Gained mutation: You regenerate a little health from kills.
                  | [demonic ancestry]
  2422 | D:3      | Reached XP level 4. HP: 21/35 MP: 6/6
  2806 | D:4      | Found a staircase to the Ecumenical Temple.
  2816 | D:4      | Found a bloodstained altar of Trog.
  2828 | D:4      | Noticed a black bear
  2836 | D:4      | Killed a black bear
  2837 | D:4      | Reached skill level 4 in Invocations
  2837 | D:4      | Gained mutation: You have a pair of small horns on your
                  | head. [demonic ancestry]
  2837 | D:4      | Reached XP level 5. HP: 34/42 MP: 6/8
  3152 | D:4      | Reached ** piety under Lugonu
  3161 | D:4      | Noticed Robin
  3174 | D:4      | Killed Robin
  3212 | D:4      | Noticed an ogre
  3218 | D:4      | Gained mutation: You are partially covered in icy blue
                  | scales. (AC +2) [demonic ancestry]
  3218 | D:4      | Reached XP level 6. HP: 48/48 MP: 9/9
  3428 | D:4      | Found an iron altar of Okawaru.
  3564 | D:4      | Noticed an orc warrior
  3576 | D:4      | Killed an orc warrior
  3577 | D:4      | Reached XP level 7. HP: 52/55 MP: 10/10
  3579 | D:4      | Reached skill level 5 in Invocations
  4151 | D:4      | Reached *** piety under Lugonu
  4270 | D:4      | Found a runed translucent door.
  4271 | D:4      | Noticed Crazy Yiuf
  4276 | D:4      | Killed Crazy Yiuf
  4277 | D:4      | Reached skill level 5 in Fighting
  4374 | D:5      | Entered Level 5 of the Dungeon
  4428 | D:5      | Reached skill level 6 in Invocations
  4428 | D:5      | Reached XP level 8. HP: 53/62 MP: 12/12
  4579 | D:5      | Learned a level 1 spell: Apportation
  4582 | D:5      | Learned a level 2 spell: Call Imp
  4609 | D:5      | Found a stormy altar of Qazlal.
  4902 | D:5      | Reached skill level 1 in Spellcasting
  4902 | D:5      | Reached skill level 1 in Summonings
  4993 | D:5      | Reached skill level 1 in Translocations
  5738 | D:6      | Gained mutation: You sometimes emit foul miasma when
                  | damaged in melee. [demonic ancestry]
  5738 | D:6      | Reached XP level 9. HP: 42/69 MP: 14/14
  5964 | D:6      | Reached skill level 7 in Invocations
  6907 | D:8      | Reached skill level 5 in Axes
  6907 | D:8      | Reached skill level 5 in Armour
  7632 | D:8      | Found Cemumnoi's Antique Armour Boutique.
  7632 | D:8      | Found Camuad's Magic Scroll Boutique.
  7637 | D:8      | Bought a translucent cloak for 218 gold pieces
  7637 | D:8      | Identified the +0 cloak of Wiuqit {rPois rF+++ Will-
                  | Regen+} (You bought it in a shop on level 8 of the Dungeon)
  7651 | D:8      | Bought a scroll of magic mapping for 52 gold pieces
  7651 | D:8      | Bought a scroll of identify for 30 gold pieces
  7662 | D:8      | Reached skill level 1 in Throwing
  7744 | D:8      | Found an ancient bone altar of Kikubaaqudgha.
  7759 | D:8      | Noticed Pikel
  7775 | D:8      | Killed Pikel
  7776 | D:8      | Reached skill level 5 in Dodging
  7864 | D:8      | Reached **** piety under Lugonu
  7932 | D:8      | Found a runed translucent gate.
  7932 | D:8      | Found a runed translucent gate.
  7932 | D:8      | Found a runed translucent gate.
  7938 | D:8      | Noticed ALWAYSlose's ghost (novice DsBe)
  7986 | D:8      | Found a staircase to the Lair.
  8176 | Lair:1   | Entered Level 1 of the Lair of Beasts
  8176 | Lair:1   | Noticed a polar bear
  8202 | D:8      | Killed a polar bear
  8203 | D:8      | Reached XP level 10. HP: 40/77 MP: 15/15
  8653 | D:8      | Reached skill level 8 in Invocations
  8796 | Lair:1   | Noticed a cane toad
  8797 | Lair:1   | Noticed a black mamba
  8817 | Lair:1   | Killed a cane toad
  8837 | Lair:1   | Killed a black mamba
  8846 | Lair:1   | HP: 3/77 [yak (6)]
  8852 | Lair:1   | Slain by a yak

Illustrated notes

Levels and vault maps discovered:
D:1:      kennysheep_arrival_forest, layout_loops_ring, minmay_curled_crystal,
          chequers_jeans
D:2:      layout_loops_cross, dreamdust_ecumenical_altar_grove, serial_shops,
          shop
D:3:      layout_rooms, lemuel_tele_altar
D:4:      minmay_opposing_rooms, layout_basic, okawaru_trees_1,
          trog_butcher_becter, minmay_temple_entry_arrows, minivault_27,
          nzn_random_ring, uniq_crazy_yiuf_cottage, uniq_robin
D:5:      layout_basic, nicolae_overflow_hidden_temple
D:6:      layout_loops_ring
D:7:      layout_basic, kennysheep_boxes
D:8:      layout_cave_pools, mainiacjoe_overflow_tiny_flanked,
          grunt_lair_entry_orc_guard_hut, gammafunk_ghost_spectres,
          serial_glass, glass_columns_b, glass_columns_c, glass_columns_b,
          nicolae_wooded_promenade, uniq_pikel
Lair:1:   layout_loops_ring, st_stairs_3, infiniplex_staircase_pool_2,
          uniq_gastronok

Skill      XL: |  1  2  3  4  5  6  7  8  9 10 |
---------------+-------------------------------+-----
Dodging        | 1 2 3 4 5 |  5.6
Armour         | 2 3 4 5 |  5.9
Axes           | 2 3 4 5 |  5.8
Invocations    | 3 4 6 7 8 |  8.4
Fighting       | 4 5 6 |  6.9
Spellcasting   | 1 3 |  3.8
Summonings     | 1 3 4 |  4.1
Translocations | 1 3 |  3.8
Throwing       | 2 |  2.0

Action                   |  1- 3 |  4- 6 |  7- 9 | 10-12 || total
-------------------------+-------+-------+-------+-------++-------
Melee: Hand axe          |   143 |    86 |   298 |    66 ||   593
       Punch             |     5 |       |     6 |     1 ||    12
       Headbutt          |       |     9 |    63 |    18 ||    90
Invok: Depart the Abyss  |     1 |       |       |       ||     1
  Use: Scroll            |       |       |     6 |       ||     6
Armor: Leather armour    |    13 |       |       |       ||    13
       Chain mail        |    54 |    50 |   219 |    38 ||   361
Dodge: Dodged            |    72 |    48 |   169 |    31 ||   320

Table legend: (Time is in decaauts)
 A = Elapsed time spent in this place.
 B = Non-inter-level travel time spent in this place.
 C = Inter-level travel time spent in this place.
 D = Time resting spent in this place.
 E = Time spent auto-exploring this place.
 F = Levels seen in this place.
 G = Mean time per level.
                   A        B        C        D        E       F      G
               +--------+--------+--------+--------+--------+-----+--------+
         Total |   8917 |   8568 |    349 |   1631 |   5602 |  10 |  891.7 |
       Dungeon |   8704 |   8356 |    348 |   1631 |   5480 |   8 | 1088.0 |
          Lair |    178 |    178 |      0 |      0 |     90 |   1 |  178.0 |
         Abyss |     34 |     34 |      0 |      0 |     32 |   1 |   34.0 |
               +--------+--------+--------+--------+--------+-----+--------+

Top non-repeatable levels by time:
     D:8: 1800 daAuts
     D:4: 1638 daAuts
     D:1: 1201 daAuts
     D:6: 1043 daAuts
     D:5: 984 daAuts
     D:2: 819 daAuts
     D:3: 728 daAuts
     D:7: 488 daAuts
  Lair:1: 178 daAuts
 Abyss:1: 34 daAuts
